 Dungeon Sprint DCSS version 0.23-a0-143-g1adec7b (webtiles) character file.

14924 TheOrbIsALie the Grappler (level 12, -17/100 HPs)
             Began as a Gnoll Transmuter on Aug 31, 2018.
             Was a High Priest of Sif Muna.
             Killed from afar by a deep elf mage (20 damage)
             ... with a bolt of lightning
             ... in the Dungeon (Sprint III: "The Ten Rune Challenge").
             The game lasted 00:17:13 (5190 turns).

TheOrbIsALie the Grappler (Gnoll Transmuter)        Turns: 5190, Time: 00:17:15

Health: -17/100    AC:  9    Str: 17    XL:     12   Next: 21%
Magic:  20/28      EV: 20    Int: 17    God:    Sif Muna [*****.]
Gold:   3757       SH:  0    Dex: 15    Spells: 24/35 levels left

rFire    . . .     SeeInvis .     - Unarmed
rCold    . . .     Gourm    .   (shield currently unavailable)
rNeg     . . .     Faith    .   i - +2 robe {MR+}
rPois    .         Spirit   .   (helmet restricted)
rElec    .         Reflect  .   (no cloak)
rCorr    .         Harm     .   (gloves currently unavailable)
MR       +....     NoTele   +   (no boots)
Stlth    +++++.....             (no amulet)
HPRegen  0.26/turn              (no ring)
MPRegen  0.21/turn              (no ring)

@: blade hands, hasted, very quick
A: distributed training, fangs 1, hooves 1, horns 1, thin metallic scales 1,
yellow scales 1, strong nose
a: End Transformation, Divine Energy, Channel Magic, Forget Spell, Renounce
Religion


You were in the Dungeon.
You worshipped Sif Muna.
Sif Muna was extremely pleased with you.
You were hungry.
You had blades for hands.
You visited 1 branch You collected 3757 gold pieces.

Inventory:

Hand Weapons
 f - a +0 blowgun
Missiles
 a - 12 arrows
 l - 7 curare-tipped needles
 q - 5 javelins (quivered)
Armour
 b - a +0 robe
 i - a +2 robe of magic resistance (worn)
Wands
 e - a wand of iceblast (10)
Scrolls
 c - 3 scrolls of enchant armour {unknown}
 j - 2 scrolls of blinking
 n - 3 scrolls of holy word {unknown}
 o - 3 scrolls of remove curse
Potions
 h - 2 potions of magic
 k - a potion of lignification {unknown}
 m - 3 potions of mutation
 p - 2 potions of flight {unknown}
Comestibles
 d - 16 rations


   Skills:
 + Level 11.4 Fighting
 + Level 11.1 Short Blades
 + Level 11.1 Long Blades
 + Level 11.1 Axes
 + Level 11.1 Maces & Flails
 + Level 11.1 Polearms
 + Level 11.1 Staves
 + Level 11.1 Slings
 + Level 11.1 Bows
 + Level 11.1 Crossbows
 + Level 11.1 Throwing
 + Level 11.1 Armour
 + Level 11.9 Dodging
 + Level 11.1 Stealth
 + Level 11.1 Shields
 + Level 12.6 Unarmed Combat
 + Level 12.1 Spellcasting
 + Level 9.5 Conjurations
 + Level 9.5 Hexes
 + Level 9.5 Charms
 + Level 9.5 Summonings
 + Level 9.5 Necromancy
 + Level 9.5 Translocations
 + Level 10.2 Transmutations
 + Level 9.5 Fire Magic
 + Level 9.5 Ice Magic
 + Level 9.5 Air Magic
 + Level 9.5 Earth Magic
 + Level 9.5 Poison Magic
 + Level 12.0 Invocations
 + Level 11.1 Evocations


You had 24 spell levels left.
You knew the following spells:

 Your Spells              Type           Power        Failure   Level  Hunger
a - Beastly Appendage     Tmut           #####.       7%          1    None
b - Blade Hands           Tmut           #####.....   24%         5    ####...
c - Stone Arrow           Conj/Erth      #####.       11%         3    None
d - Poisonous Vapours     Pois/Air       #####.       9%          2    None

Your spell library contained the following spells:

 Spells                   Type           Power        Failure   Level  Hunger
 Animate Skeleton         Necr           N/A          8%          1    None
 Apportation              Tloc           #####.       8%          1    None
 Confusing Touch          Hex            #####.       8%          1    None
 Shock                    Conj/Air       ####         8%          1    None
 Sting                    Conj/Pois      ####         8%          1    None
 Summon Small Mammal      Summ           ####         8%          1    None
 Sticks to Snakes         Tmut           #####...     8%          2    None
 Blink                    Tloc           N/A          9%          2    None
 Call Imp                 Summ           #####...     9%          2    None
 Shroud of Golubria       Chrm/Tloc      #####.....   9%          2    None
 Inner Flame              Hex/Fire       #####...     11%         3    None
 Lesser Beckoning         Tloc           #####.....   11%         3    None
 Spider Form              Tmut/Pois      #####.....   11%         3    None
 Teleport Other           Tloc           #####...     11%         3    None
 Ice Form                 Ice/Tmut       #####...     16%         4    ##.....
 Airstrike                Air            #####.....   17%         4    ##.....
 Animate Dead             Necr           N/A          17%         4    ##.....
 Cause Fear               Hex            #####.....   17%         4    ##.....
 Force Lance              Conj/Tloc      #####...     17%         4    ##.....
 Fulminant Prism          Conj/Hex       #####.....   17%         4    ##.....
 Iskenderun's Mystic Bla  Conj           #####...     17%         4    ##.....
 Passage of Golubria      Tloc           N/A          17%         4    ##.....
 Summon Lightning Spire   Summ/Air       #####...     17%         4    ##.....
 Excruciating Wounds      Chrm/Necr      #####.....   28%         5    ####...
 Venom Bolt               Conj/Pois      #####.....   28%         5    ####...
 Conjure Ball Lightning   Conj/Air       #####.....   65%         6    ######.
 Poison Arrow             Conj/Pois      #####.....   65%         6    ######.
 Malign Gateway           Summ/Tloc      #####.....   97%         7    #######
 Necromutation            Tmut/Necr      #####.....   100%        8    #######
 Dragon's Call            Summ           #####.....   100%        9    #######


Dungeon Overview and Level Annotations

Branches:
Dungeon (1/1)

Altars:
Cheibriados
Dithmenos
Elyvilon
Fedhas
Gozag
Hepliaklqana
Kikubaaqudgha
Makhleb
Nemelex Xobeh
Okawaru
Qazlal
Ru
Sif Muna
Trog
Uskayaw
Vehumet
Wu Jian
Xom
Yredelemnul
Zin
The Shining One
Beogh
Jiyva
Lugonu

Shops:
D %


Innate Abilities, Weirdness & Mutations

Your experience applies equally to all skills.
You have very sharp teeth.
Your uncanny sense of smell can sniff out nearby items.
You have large cloven feet.
You have a pair of small horns on your head.
You are partially covered in thin metallic scales. (AC +2)
You are partially covered in yellow scales. (AC +2)


Message History

* * * LOW HITPOINT WARNING * * *
Unknown command.
You slice the deep elf knight!!
You kill the deep elf knight!
Sif Muna accepts your kill.
Your Spellcasting skill increases to level 12!
You feel yourself speed up.
The deep elf mage mumbles some strange words.
The deep elf mage blinks!
The deep elf knight hits you but does no damage.
You shred the deep elf knight!!! Your kick misses the deep elf knight.
You headbutt the deep elf knight, but do no damage.
The deep elf knight is almost dead.
You slice the deep elf knight!!
You kill the deep elf knight!
Sif Muna accepts your kill.
Your Invocations skill increases to level 12!
The deep elf mage points at you and mumbles some strange words.
The bolt of lightning hits you!
You die...

▓▓▓▓▓▓ #######..#.###########
_#__#∩.##..##..'.#...# ∆
)#._#..........#(#e..##≈
##)##.........##(#...≈≈≈
....#.........##@#e..##≈
....#..#..#.#..#.)e..# ∆
###'#)#####.#..#######
#...#'###########################
#...#.)).#.#)#.....#.(....'...≈≈#
#...##.#.)#.##)###)#......#...≈≈#
#...'##.#.#.##.#.)##.....(#...≈≈≈
'...#...#..#..##..'.......#...≈≈≈
▓▓▓▓▓▓▓▓▓▓▓▓▓▓▓▓▓▓#(.(..(.#......


You could see 3 deep elf magi.

Vanquished Creatures
  Sigmund (D)
  Erolcha (D)
  3 orc high priests (D)
  Urug (D)
  2 deep elf knights (D)
  A lindwurm (D)
  A deep elf mage (D)
  2 spiny frogs (D)
  Edmund (D)
  A rime drake (D)
  A komodo dragon (D)
  A queen bee (D)
  2 tyrant leeches (D)
  5 blink frogs (D)
  A shadow (D)
  5 redbacks (D)
  A spatial vortex (D)
  A swamp drake (D)
  A necrophage (D)
  5 two-headed ogres (D)
  A water elemental (D)
  32 killer bees (D)
  An electric eel (D)
  A jelly (D)
  4 orc priests (D)
  Jessica (D)
  A wizard (D)
  A necromancer (D)
  3 orc wizards (D)
  3 humans (D)
  A kobold demonologist (D)
  A wolf (D)
  An ooze (D)
  3 wandering mushrooms (D)
  11 orcs (D)
  A hobgoblin (D)
  2 rats (D)
105 creatures vanquished.

Vanquished Creatures (others)
  2 draconian scorchers (D)
  Nessos (D)
  A fire dragon (D)
  6 hellions (D)
  2 yaktaurs (D)
  4 plants (D)
16 creatures vanquished.

Grand Total: 121 creatures vanquished

Notes
Turn   | Place    | Note
-------+----------+-------------------------------------------
     0 | D        | TheOrbIsALie the Gnoll Transmuter began the quest for the
                  | Orb.
     0 | D        | Reached XP level 1. HP: 17/17 MP: 6/6
     8 | D        | Reached skill level 5 in Spellcasting
     8 | D        | Reached skill level 1 in Invocations
    12 | D        | Noticed Jessica
    20 | D        | Killed Jessica
    20 | D        | Reached skill level 1 in Short Blades
    20 | D        | Reached skill level 1 in Long Blades
    20 | D        | Reached skill level 1 in Axes
    20 | D        | Reached skill level 1 in Maces & Flails
    20 | D        | Reached skill level 1 in Polearms
    20 | D        | Reached skill level 1 in Staves
    20 | D        | Reached skill level 1 in Slings
    20 | D        | Reached skill level 1 in Bows
    20 | D        | Reached skill level 1 in Crossbows
    20 | D        | Reached skill level 1 in Throwing
    20 | D        | Reached skill level 1 in Armour
    20 | D        | Reached skill level 1 in Stealth
    20 | D        | Reached skill level 1 in Shields
    20 | D        | Reached skill level 1 in Conjurations
    20 | D        | Reached skill level 1 in Hexes
    20 | D        | Reached skill level 1 in Charms
    20 | D        | Reached skill level 1 in Summonings
    20 | D        | Reached skill level 1 in Necromancy
    20 | D        | Reached skill level 1 in Translocations
    20 | D        | Reached skill level 1 in Fire Magic
    20 | D        | Reached skill level 1 in Ice Magic
    20 | D        | Reached skill level 1 in Air Magic
    20 | D        | Reached skill level 1 in Earth Magic
    20 | D        | Reached skill level 1 in Poison Magic
    20 | D        | Reached skill level 1 in Evocations
    20 | D        | Reached XP level 2. HP: 18/24 MP: 6/8
    20 | D        | Reached XP level 3. HP: 22/29 MP: 6/9
    56 | D        | Killed a yaktaur
    88 | D        | Killed a hellion
   125 | D        | Killed a hellion
   183 | D        | Killed a hellion
   196 | D        | Killed a hellion
   197 | D        | Killed a white draconian scorcher
   214 | D        | Reached skill level 5 in Dodging
   224 | D        | Reached XP level 4. HP: 29/35 MP: 8/11
   258 | D        | Gained mutation: You have large cloven feet. [potion of
                  | mutation]
   258 | D        | Gained mutation: You are partially covered in yellow
                  | scales. (AC +2) [potion of mutation]
   258 | D        | Gained mutation: You have a pair of small horns on your
                  | head. [potion of mutation]
   258 | D        | Gained mutation: You are partially covered in thin metallic
                  | scales. (AC +2) [potion of mutation]
   266 | D        | Noticed a water elemental
   272 | D        | Killed a water elemental
   272 | D        | Reached XP level 5. HP: 42/42 MP: 13/13
   273 | D        | Killed a hellion
   275 | D        | Killed a hellion
   286 | D        | Killed a white draconian scorcher
   316 | D        | Found a radiant altar of Vehumet.
   316 | D        | Found a deep blue altar of Sif Muna.
   316 | D        | Found an ancient bone altar of Kikubaaqudgha.
   333 | D        | Became a worshipper of Sif Muna the Loreminder
   345 | D        | Found a basalt altar of Yredelemnul.
   345 | D        | Found a shadowy altar of Dithmenos.
   345 | D        | Found a sacrificial altar of Ru.
   345 | D        | Noticed a necrophage
   358 | D        | Killed a necrophage
   358 | D        | Reached skill level 5 in Fighting
   358 | D        | Reached skill level 5 in Transmutations
   358 | D        | Reached XP level 6. HP: 25/51 MP: 13/15
   526 | D        | Reached * piety under Sif Muna
   659 | D        | Found a glowing silver altar of Zin.
   659 | D        | Found a glowing golden altar of the Shining One.
   659 | D        | Found a white marble altar of Elyvilon.
   659 | D        | Noticed a deep elf mage
   666 | D        | Killed a deep elf mage
   666 | D        | Reached ** piety under Sif Muna
   666 | D        | Reached skill level 5 in Short Blades
   666 | D        | Reached skill level 5 in Long Blades
   666 | D        | Reached skill level 5 in Axes
   666 | D        | Reached skill level 5 in Maces & Flails
   666 | D        | Reached skill level 5 in Polearms
   666 | D        | Reached skill level 5 in Staves
   666 | D        | Reached skill level 5 in Slings
   666 | D        | Reached skill level 5 in Bows
   666 | D        | Reached skill level 5 in Crossbows
   666 | D        | Reached skill level 5 in Throwing
   666 | D        | Reached skill level 5 in Armour
   666 | D        | Reached skill level 5 in Stealth
   666 | D        | Reached skill level 5 in Shields
   666 | D        | Reached skill level 5 in Evocations
   666 | D        | Reached XP level 7. HP: 32/58 MP: 16/18
   809 | D        | Learned a level 5 spell: Blade Hands
   810 | D        | Found a hide-covered altar of Uskayaw.
   810 | D        | Found a roughly hewn altar of Beogh.
   810 | D        | Found an iron altar of Okawaru.
   810 | D        | Found a bloodstained altar of Trog.
   810 | D        | Found an ornate altar of the Wu Jian Council.
   810 | D        | Noticed a human
   810 | D        | Noticed a human
   820 | D        | Killed a human
   823 | D        | Killed a human
   823 | D        | Reached skill level 5 in Conjurations
   823 | D        | Reached skill level 5 in Hexes
   823 | D        | Reached skill level 5 in Charms
   823 | D        | Reached skill level 5 in Summonings
   823 | D        | Reached skill level 5 in Necromancy
   823 | D        | Reached skill level 5 in Translocations
   823 | D        | Reached skill level 5 in Fire Magic
   823 | D        | Reached skill level 5 in Ice Magic
   823 | D        | Reached skill level 5 in Air Magic
   823 | D        | Reached skill level 5 in Earth Magic
   823 | D        | Reached skill level 5 in Poison Magic
   823 | D        | Reached XP level 8. HP: 39/65 MP: 16/20
   952 | D        | Noticed a shadow
   956 | D        | Killed a shadow
   971 | D        | Reached *** piety under Sif Muna
   987 | D        | Found a blossoming altar of Fedhas.
   987 | D        | Found a stormy altar of Qazlal.
   987 | D        | Found a snail-covered altar of Cheibriados.
   987 | D        | Found a burning altar of Makhleb.
   987 | D        | Found a shimmering altar of Xom.
   988 | D        | Found a hazy altar of Hepliaklqana.
   988 | D        | Found an opulent altar of Gozag.
   988 | D        | Found a sparkling altar of Nemelex Xobeh.
   988 | D        | Found a corrupted altar of Lugonu.
   988 | D        | Found a viscous altar of Jiyva.
  1027 | D        | Noticed a two-headed ogre
  1034 | D        | Killed a two-headed ogre
  1034 | D        | Reached XP level 9. HP: 47/72 MP: 17/21
  1149 | D        | Noticed a two-headed ogre
  1149 | D        | Noticed Erolcha
  1157 | D        | Killed Erolcha
  1157 | D        | Reached **** piety under Sif Muna
  1157 | D        | Reached skill level 10 in Unarmed Combat
  1163 | D        | Killed a two-headed ogre
  1535 | D        | Killed a yaktaur
  1729 | D        | Found Sireim's Food Shoppe.
  1729 | D        | Noticed an orc high priest
  1737 | D        | Killed an orc high priest
  1737 | D        | Reached ***** piety under Sif Muna
  1737 | D        | Reached XP level 10. HP: 52/82 MP: 18/23
  1754 | D        | Identified Sif Muna's Spellcasting, Part Four (Sif Muna
                  | gifted it to you in the Dungeon)
  1754 | D        | Received a gift from Sif Muna
  2257 | D        | Killed Nessos
  2398 | D        | Noticed a spiny frog
  2398 | D        | Noticed a spiny frog
  2403 | D        | Killed a spiny frog
  2403 | D        | Reached skill level 10 in Spellcasting
  2407 | D        | Killed a spiny frog
  2407 | D        | Reached skill level 10 in Dodging
  2612 | D        | Identified Sif Muna's Catalogue of Hurtful Execration (Sif
                  | Muna gifted it to you in the Dungeon)
  2612 | D        | Received a gift from Sif Muna
  2627 | D        | Reached skill level 10 in Invocations
  2747 | D        | Noticed a lindwurm
  2751 | D        | Killed a lindwurm
  2752 | D        | Reached XP level 11. HP: 90/90 MP: 20/25
  3156 | D        | Noticed Urug
  3164 | D        | Killed Urug
  3164 | D        | Reached skill level 10 in Fighting
  3415 | D        | Identified Sif Muna's Almanac of Dislocation and Arcane
                  | Weapons (Sif Muna gifted it to you in the Dungeon)
  3415 | D        | Received a gift from Sif Muna
  3605 | D        | HP: 4/91 [poisoned by a killer bee]
  3610 | D        | HP: 3/91 [poisoned by a killer bee]
  3615 | D        | HP: 2/91 [poisoned by a killer bee]
  3623 | D        | HP: 2/91 [poisoned by a killer bee]
  3631 | D        | HP: 2/91 [poisoned by a killer bee]
  3886 | D        | Identified Sif Muna's Almanac of Creative Necromancy (Sif
                  | Muna gifted it to you in the Dungeon)
  3886 | D        | Received a gift from Sif Muna
  4057 | D        | Reached skill level 10 in Short Blades
  4057 | D        | Reached skill level 10 in Long Blades
  4057 | D        | Reached skill level 10 in Axes
  4057 | D        | Reached skill level 10 in Maces & Flails
  4057 | D        | Reached skill level 10 in Polearms
  4057 | D        | Reached skill level 10 in Staves
  4057 | D        | Reached skill level 10 in Slings
  4057 | D        | Reached skill level 10 in Bows
  4057 | D        | Reached skill level 10 in Crossbows
  4057 | D        | Reached skill level 10 in Throwing
  4057 | D        | Reached skill level 10 in Armour
  4057 | D        | Reached skill level 10 in Stealth
  4057 | D        | Reached skill level 10 in Shields
  4057 | D        | Reached skill level 10 in Evocations
  4590 | D        | Killed a fire dragon
  4627 | D        | Learned a level 3 spell: Stone Arrow
  4721 | D        | Noticed Sigmund
  4721 | D        | Noticed Edmund
  4729 | D        | Killed Sigmund
  4729 | D        | Identified Feyraw's Handbook of Quantum Contamination (Sif
                  | Muna gifted it to you in the Dungeon)
  4729 | D        | Received a gift from Sif Muna
  4729 | D        | Reached skill level 10 in Transmutations
  4729 | D        | Reached XP level 12. HP: 93/100 MP: 22/27
  4738 | D        | Killed Edmund
  4996 | D        | Noticed a yaktaur captain
  5000 | D        | Learned a level 2 spell: Poisonous Vapours
  5033 | D        | Noticed a yaktaur captain
  5175 | D        | Noticed a deep elf knight
  5175 | D        | Noticed a deep elf knight
  5186 | D        | HP: 2/100 [deep elf knight/orb of energy (23)]
  5187 | D        | Killed a deep elf knight
  5190 | D        | Killed a deep elf knight
  5190 | D        | Killed from afar by a deep elf mage

Vault maps used:
D:        dungeon_sprint_mu

Skill      XL: |  1  2  3  4  5  6  7  8  9 10 11 12 |
---------------+-------------------------------------+-----
Spellcasting   | 5 6 7 8 9 10 11 12 | 12.1
Invocations    | 2 3 4 6 7 9 10 11 12 | 12.0
Fighting       | 3 4 5 6 7 8 9 11 | 11.4
Short Blades   | 1 2 3 4 5 6 7 8 9 10 11 | 11.1
Long Blades    | 1 2 3 4 5 6 7 8 9 10 11 | 11.1
Axes           | 1 2 3 4 5 6 7 8 9 10 11 | 11.1
Maces & Flails | 1 2 3 4 5 6 7 8 9 10 11 | 11.1
Polearms       | 1 2 3 4 5 6 7 8 9 10 11 | 11.1
Staves         | 1 2 3 4 5 6 7 8 9 10 11 | 11.1
Slings         | 1 2 3 4 5 6 7 8 9 10 11 | 11.1
Bows           | 1 2 3 4 5 6 7 8 9 10 11 | 11.1
Crossbows      | 1 2 3 4 5 6 7 8 9 10 11 | 11.1
Throwing       | 1 2 3 4 5 6 7 8 9 10 11 | 11.1
Armour         | 1 2 3 4 5 6 7 8 9 10 11 | 11.1
Stealth        | 1 2 3 4 5 6 7 8 9 10 11 | 11.1
Shields        | 1 2 3 4 5 6 7 8 9 10 11 | 11.1
Conjurations   | 1 2 3 4 5 6 7 9 |  9.5
Hexes          | 1 2 3 4 5 6 7 9 |  9.5
Charms         | 1 2 3 4 5 6 7 9 |  9.5
Summonings     | 1 2 3 4 5 6 7 9 |  9.5
Necromancy     | 1 2 3 4 5 6 7 9 |  9.5
Translocations | 1 2 3 4 5 6 7 9 |  9.5
Transmutations | 4 5 6 7 8 10 | 10.2
Fire Magic     | 1 2 3 4 5 6 7 9 |  9.5
Ice Magic      | 1 2 3 4 5 6 7 9 |  9.5
Air Magic      | 1 2 3 4 5 6 7 9 |  9.5
Earth Magic    | 1 2 3 4 5 6 7 9 |  9.5
Poison Magic   | 1 2 3 4 5 6 7 9 |  9.5
Evocations     | 1 2 3 4 5 6 7 8 9 10 11 | 11.1
Dodging        | 5 6 7 8 9 10 11 | 11.9
Unarmed Combat | 7 8 9 10 11 12 | 12.6

Action                   |  1- 3 |  4- 6 |  7- 9 | 10-12 || total
-------------------------+-------+-------+-------+-------++-------
Melee: Unarmed           |    18 |    30 |    60 |   257 ||   365
       Bite              |     3 |     6 |    10 |    20 ||    39
       Headbutt          |     1 |     3 |    11 |    33 ||    48
       Kick              |     2 |     8 |    19 |    62 ||    91
       Punch             |       |     1 |     1 |     5 ||     7
Throw: Javelin           |       |       |       |     1 ||     1
 Cast: Beastly Appendage |     5 |       |       |       ||     5
       Blade Hands       |       |       |     7 |    23 ||    30
       Stone Arrow       |       |       |       |     2 ||     2
       Poisonous Vapours |       |       |       |     6 ||     6
  Use: Potion            |       |     2 |     1 |     4 ||     7
 Stab: Sleeping          |       |       |     5 |     9 ||    14
       Distracted        |       |       |       |     4 ||     4
  Eat: Chunk             |       |       |     3 |     7 ||    10
       Ration            |       |       |     1 |     2 ||     3
Armor: Robe              |     2 |     6 |       |    29 ||    37
Dodge: Dodged            |    12 |    16 |    39 |   196 ||   263

Table legend:
 A = Non-vault XP
 B = Vault XP
 C = Vault XP percentage of total XP
 D = Non-vault monster count
 E = Vault monster count
 F = Vault count percentage of total count
                 A         B        C        D         E       F
            +---------+---------+-------+---------+---------+-------
      Total |       0 |   21320 | 100.0 |       0 |     105 | 100.0
            +---------+---------+-------+---------+---------+-------
          D |       0 |   21320 | 100.0 |       0 |     105 | 100.0
            +---------+---------+-------+---------+---------+-------
